Map: 2000 Atmospheres LE

Players

DPGRogue (Rogue) - Winner!

  • Race: Zerg Zerg

Maru

  • Race: Terran Terran
  • League: Master

Event: ASUS ROG Fall 2021

VOD

Have the link to the VOD?

Description

Time

  • Played on: Sept. 19, 2021, 2:08 p.m.
  • Length: 9:21

All games in this series

Show
View Real Time Build Order
Export as new Build Order

DPGRogue Zerg - Winner!

Build Orders: Hatch First, Muta Ling Bane 

Get SALT Encoding   

  12  0:00  Drone  
  13  0:12  Overlord  
  13  0:16  Drone  
  14  0:31  Drone x2  
  16  0:48  Hatchery  
  15  0:51  Drone  
  15  0:54  Drone  
  17  0:58  Drone  
  18  1:08  Extractor  
  17  1:14  Spawning Pool  
  17  1:17  Drone  
  17  1:21  Drone  
  18  1:28  Drone  
  19  1:39  Drone  
  20  1:50  Drone  
  21  2:00  Queen x2  
  25  2:01  Zergling x4  
  27  2:11  Zergling x2, Overlord  
  28  2:24  Hatchery  
  28  2:26  Drone  
  28  2:31  Drone  
  28  2:34  Drone  
  28  2:37  Drone  
  31  2:41  Queen  
  33  2:46  Metabolic Boost  
  33  2:51  Overlord  
  33  2:53  Drone  
  33  2:56  Drone  
  33  2:58  Drone  
  36  3:10  Drone x5  
  41  3:15  Overlord  
  41  3:19  Queen  
  43  3:21  Drone  
  44  3:36  Queen  
  44  3:37  Overlord  
  44  3:39  Drone x3  
  49  3:42  Queen  
  49  3:45  Drone x2  
  53  3:49  Drone x2  
  53  3:54  Drone x3  
  58  3:57  Queen  
  58  4:01  Overlord  
  60  4:05  Drone x2  
  60  4:08  Drone x3  
  65  4:15  Baneling Nest  
  64  4:19  Drone  
  64  4:20  Drone x5  
  64  4:23  Queen  
  72  4:28  Overlord  
  71  4:31  Lair  
  71  4:32  Extractor  
  71  4:37  Zergling x2  
  71  4:38  Zergling x4  
  73  4:40  Overlord  
  73  4:44  Overlord  
  73  4:46  Queen  
  73  4:47  Zergling x2  
  73  4:48  Zergling x6  
  73  4:49  Zergling x4  
  81  4:53  Zergling x2  
  82  5:01  Zergling x12  
  82  5:02  Spore Crawler  
  82  5:05  Zergling x8  
  90  5:14  Extractor x2  
  90  5:17  Zergling x6  
  91  5:21  Hatchery  
  90  5:31  Drone x6  
  90  5:33  Centrifical Hooks, Overlord  
  96  5:39  Overlord  
  95  5:43  Evolution Chamber  
  95  5:45  Evolution Chamber  
  95  5:49  Zergling x2  
  95  5:50  Zergling x10  
  94  5:57  Drone  
  94  5:58  Drone  
  94  6:01  Drone  
  94  6:03  Extractor  
  94  6:04  Extractor  
  94  6:05  Drone x8  
  94  6:07  Drone  
  99  6:21  Drone x3  
  99  6:23  Zerg Melee Weapons Level 1, Zerg Ground Armor Level 1  
  100  6:26  Zergling x6  
  100  6:29  Spire  
  102  6:35  Zergling x10  
  102  6:38  Zergling x4  
  109  6:43  Drone  
  109  6:44  Spore Crawler, Zergling x2  
  110  6:50  Drone x5  
  115  6:56  Drone x2  
  115  6:58  Drone  
  118  7:02  Overlord  
  118  7:03  Hatchery  
  118  7:04  Overlord  
  117  7:09  Drone x3  
  117  7:11  Overlord  
  119  7:19  Overlord x2  
  109  7:30  Drone x5  
  109  7:32  Drone  
  115  7:42  Mutalisk  
  115  7:43  Mutalisk x10  
  137  7:44  Mutalisk  
  137  7:49  Extractor  
  138  7:53  Zergling x8  
  138  7:54  Baneling x4  
  138  7:55  Baneling x2  
  138  7:57  Overseer  
  142  8:01  Drone  
  142  8:05  Baneling x3  
  142  8:08  Zergling x18  
  142  8:11  Overlord, Pneumatized Carapace  
  151  8:19  Zergling x10  
  155  8:20  Zergling x6  
  155  8:28  Mutalisk x3  
  155  8:30  Overlord  
  155  8:31  Zergling x10  
  162  8:37  Mutalisk  
  162  8:39  Zergling x2  
  163  8:41  Zergling x2  
  163  8:43  Zergling x2  
  163  8:44  Drone  
  163  8:47  Overlord x3  
  163  8:48  Mutalisk x2  
  156  8:53  Zergling x6  
  161  8:57  Zergling x6  
  161  8:58  Zergling x8  
  161  9:02  Zergling x2  
Show
View Real Time Build Order
Export as new Build Order

Maru Terran 

Build Orders: Reaper Expand 

Get SALT Encoding   

  12  0:00  SCV  
  13  0:12  SCV  
  14  0:16  Supply Depot  
  14  0:24  SCV  
  15  0:38  SCV  
  15  0:39  Barracks  
  15  0:42  Refinery  
  16  0:50  SCV  
  17  1:02  SCV  
  18  1:14  SCV  
  19  1:26  Reaper, Orbital Command  
  20  1:37  Command Center  
  20  1:48  Barracks  
  20  1:52  SCV  
  21  1:58  Barracks Reactor  
  21  2:04  SCV  
  21  2:08  Supply Depot  
  22  2:10  Refinery  
  22  2:16  SCV  
  23  2:22  Factory  
  23  2:29  SCV  
  24  2:36  Marine x2  
  26  2:37  Barracks Tech Lab  
  26  2:42  SCV  
  27  2:48  Orbital Command  
  27  2:53  Marine  
  27  2:54  Marine, SCV  
  27  2:57  Stimpack  
  30  2:59  Marine  
  31  3:06  SCV  
  32  3:13  Marine x2, Supply Depot  
  32  3:17  Marine, SCV  
  32  3:18  SCV  
  37  3:25  Starport  
  37  3:27  Factory Reactor  
  37  3:30  SCV x2  
  39  3:36  Marine x2  
  39  3:37  Marine  
  42  3:43  SCV  
  42  3:44  Supply Depot, SCV  
  44  3:53  Marine  
  44  3:54  Marine x2  
  44  3:55  SCV  
  48  3:59  SCV  
  49  4:07  Supply Depot, SCV  
  49  4:09  Medivac x2  
  54  4:11  Marine x2, SCV  
  54  4:14  Marine  
  58  4:19  SCV  
  58  4:23  SCV  
  60  4:30  Command Center  
  60  4:31  SCV  
  60  4:35  SCV  
  60  4:36  Combat Shield  
  60  4:38  Supply Depot  
  62  4:40  Marine x2  
  62  4:43  SCV  
  64  4:47  SCV  
  64  4:51  Refinery x2  
  65  4:53  Marine, Widow Mine, Medivac  
  65  4:59  Marine  
  70  5:00  Supply Depot  
  70  5:02  SCV x2  
  73  5:07  Engineering Bay  
  73  5:09  Engineering Bay  
  73  5:13  Marine  
  74  5:14  SCV x2  
  74  5:18  Factory Tech Lab  
  74  5:21  Marine x2  
  76  5:26  SCV  
  76  5:27  SCV  
  80  5:31  Marine  
  80  5:33  Starport Reactor  
  81  5:36  Terran Infantry Armor Level 1, Terran Infantry Weapons Level 1  
  81  5:39  Marine  
  81  5:41  Barracks  
  82  5:44  Orbital Command  
  82  5:45  SCV  
  82  5:47  Marine  
  84  5:53  Marine, Siege Tank  
  86  6:00  SCV  
  86  6:01  SCV  
  77  6:09  Medivac x2  
  77  6:10  Marine, Barracks  
  82  6:13  Barracks  
  83  6:18  SCV  
  83  6:21  SCV  
  83  6:22  Orbital Command  
  83  6:26  Marine x2  
  83  6:28  Marine x2, Siege Tank  
  83  6:30  SCV, Supply Depot  
  91  6:33  SCV  
  91  6:37  Marine  
  93  6:42  SCV  
  93  6:43  Marine x2  
  93  6:44  Armory  
  93  6:45  SCV  
  97  6:48  Marine x2  
  99  6:54  SCV  
  99  6:55  Marine, SCV  
  99  6:57  SCV  
  99  6:58  Supply Depot  
  99  6:59  Supply Depot  
  103  7:01  Barracks Reactor x2, Marine  
  103  7:06  SCV  
  103  7:07  SCV  
  103  7:08  Marine x2  
  107  7:09  SCV  
  107  7:11  Factory  
  109  7:19  SCV x2  
  109  7:21  SCV  
  112  7:23  Marine x3  
  112  7:24  Medivac x2, Siege Tank  
  112  7:26  Marine  
  120  7:31  Refinery, SCV x2  
  120  7:32  Refinery, Supply Depot  
  120  7:33  Supply Depot  
  120  7:34  SCV  
  123  7:40  Marine  
  123  7:43  Marine  
  125  7:50  Command Center  
  125  7:53  Marine x2  
  125  7:54  SCV x2  
  129  7:59  Siege Tank  
  129  8:01  Factory Reactor  
  129  8:02  SCV  
  133  8:07  Barracks x2  
  133  8:08  Supply Depot, Barracks  
  133  8:11  SCV  
  134  8:14  Supply Depot  
  134  8:15  Marine  
  134  8:16  Sensor Tower  
  135  8:21  Medivac x2  
  135  8:25  Marine x3  
  141  8:28  Marine  
  141  8:29  Marine  
  141  8:30  Marine  
  141  8:31  Missile Turret x2  
  132  8:37  SCV  
  132  8:40  Marine x3  
  132  8:43  Marine x2  
  118  8:49  SCV x2  
  118  8:53  SCV  
  118  8:54  Widow Mine x2  
  104  8:56  Marine x2  
  104  9:01  SCV x2  
  104  9:05  SCV  
Tags
 
Add a new tag
Caveats
  • Supply blocks, unpowered buildings, or Contaminate may cause inaccurate times.
  • Supply counts are checked every 10 seconds.